[Event "26th Tamil Nadu IM-Norm Chennai 2024"]
[Site "Chennai"]
[Date "2024.09.04"]
[Round "8.1"]
[White "Harshad S"]
[Black "Manik, Mikulas"]
[Result "1-0"]
[ECO "B62"]
[WhiteElo "2275"]
[BlackElo "2320"]
[Annotator "TA"]
[PlyCount "89"]
[EventDate "2024.08.30"]
[EventCountry "IND"]
[SourceTitle "playchess.com"]
[Source "ChessBase"]
[SourceQuality "1"]
[TimeControl "5400+30"]

1. e4 c5 2. Nf3 d6 3. d4 cxd4 4. Nxd4 Nf6 5. Nc3 Nc6 6. Bg5 e6 7. Qd3 Bd7 8. O-O-O a6 9. f4 Be7 10. Nf3 Qa5 11. Kb1 Rd8 {[%emt 0:00:20] The position is equal.} 12. a3 b5 13. e5 (13. Nd2 {simplifies} h6 14. Bxf6 Bxf6 15. h4) 13... b4 (13... dxe5 $11 14. fxe5 (14. Nxe5 Nxe5 15. fxe5 Bc6 $11) 14... Bc8) 14. exf6 $16 gxf6 {[%emt 0:02:12] [#]} 15. Bxf6 Bxf6 16. Ne4 Bg7 (16... Be7 $16) 17. Nxd6+ $18 (17. Qxa6 bxa3 18. Nxd6+ (18. Qxa5 Nxa5 19. Rxd6 Rb8 $17) 18... Ke7 19. Qxa5 Nxa5 $17) 17... Ke7 18. Nb7 {[%emt 0:02:36] Excellent horsemanship.} (18. Qxa6 bxa3 19. Qxa5 Nxa5 $17) 18... Qc7 19. Nxd8 Rxd8 20. Qe3 {[%emt 0:03:09] Hoping for Qc5+.} (20. Qxa6 Bc8 21. Qe2 Rxd1+ 22. Qxd1 bxa3 $14) 20... Qa5 $2 {[%emt 0:18:55] [#]} (20... bxa3 21. Qxa3+ Ke8) 21. a4 $1 b3 (21... Qxa4 22. f5) 22. cxb3 {[%emt 0:02:48] White is clearly winning.} (22. Qxb3 Bxb2 23. Qxb2 (23. Kxb2 Rb8 $18) 23... Rb8 $18) 22... Nb4 23. Ne5 Nd5 24. Qa7 {[%emt 0:05:39] Black must now prevent Nc6+.} Ke8 25. Bc4 Bxe5 26. fxe5 Nb6 27. Qxa6 Qc5 {[%emt 0:01:41] [#]} 28. Rxd7 $1 Nxd7 29. Rd1 Qxe5 30. Bb5 Qc7 31. Rc1 Qb8 32. Qc6 {[%emt 0:00:49] And now Rd1 would win.} Ke7 33. Qc7 Qxc7 34. Rxc7 {[%emt 0:00:03][%mdl 4096] Endgame. KRB-KRN} Kd6 35. Rc6+ Kd5 (35... Ke7 $142 36. Rc7 h5 37. Rxd7+ (37. a5 Kd6 $18) 37... Rxd7 38. Bxd7 h4) 36. Rc1 e5 37. Bc4+ Kd6 38. Bxf7 Ra8 39. Rd1+ Kc7 40. Bd5 Re8 41. Kc2 e4 42. Bc4 Ne5 43. Re1 Ng4 44. h3 Nf2 45. Kd2 {[%emt 0:00:30] Black did not feel at home in the position after the opening.   Weighted Error Value: White=0.28 (precise) /Black=0.53.  Loses game:     	---       	Black=1      Mistake:       	---       	Black=2      Inaccurate:     	---       	Black=2      OK:         	White=16    	Black=5      Best:        	White=2     	Black=1      Brilliant:      	White=1     	---} 1-0

[Event "26th Tamil Nadu IM-Norm Chennai 2024"]
[Site "Chennai"]
[Date "2024.09.04"]
[Round "8.2"]
[White "Daakshin Arun"]
[Black "Lokesh, N.."]
[Result "0-1"]
[ECO "D51"]
[WhiteElo "2290"]
[BlackElo "2222"]
[Annotator "TA"]
[PlyCount "58"]
[EventDate "2024.08.30"]
[EventCountry "IND"]
[SourceTitle "playchess.com"]
[Source "ChessBase"]
[SourceQuality "1"]
[TimeControl "5400+30"]

1. d4 d5 2. c4 e6 3. Nc3 Nf6 4. Bg5 Nbd7 5. e3 Bb4 6. cxd5 exd5 7. Bd3 c5 8. Nge2 c4 9. Bc2 Qa5 10. O-O O-O 11. a3 Bd6 12. Nf4 (12. Qe1 $16) 12... h6 $11 13. Bxf6 Nxf6 14. Nh5 {[%emt 0:01:57] Hoping for Nxf6+. White is slightly better.} Be7 15. Nxf6+ Bxf6 16. Qh5 Be6 (16... Rd8 $1 $14) 17. Rad1 ({White should play} 17. g4 $16) 17... Qb6 (17... Rad8 $14) 18. Rd2 (18. Nxd5 $16 Bxd5 19. Qxd5) 18... Rfd8 $14 19. Bb1 Rd6 20. f4 Re8 (20... Qd8 {simplifies} 21. g4 g6 22. Qh3 Bd7) 21. g4 Bd7 22. Nxd5 ({White must play} 22. g5 $1 $14 g6 23. Qf3 (23. Qxh6 Bg7 $11)) 22... Qb3 $1 $15 {[%emt 0:01:22][%cal Od6d5] And now ...Rxd5! would win.} 23. Nc3 {[%emt 0:06:32] Threatens to win with g5.} Rxe3 24. Ba2 $2 {[%emt 0:06:16][%mdl 8192] [#]} ({White has to play} 24. Qc5 $1 $15 Qb6 25. Nd5 Qxc5 26. dxc5 Rxd5 27. Rxd5) 24... Qb6 $1 $19 25. Bxc4 (25. Nd5 Bxd4 (25... Bxg4 $2 26. Qxg4 Rxd5 27. Qc8+ Rd8 28. Qxc4 $19) 26. Bxc4 (26. Nxb6 $2 Rg3+ 27. Kh1 Bc6+ $19) 26... Bc6 $19 (26... Bxb2 $2 27. Nxb6 g6 28. Qxh6 $18)) 25... Be6 {[%emt 0:02:07] A strong pair of Bishops.} (25... Bxd4 $2 26. Qxf7+ (26. Bxf7+ $2 Kh8 $19) 26... Kh7 27. Qg8+ Kg6 28. Bf7+ Kf6 29. Kh1 $18) (25... Re7 $19 {is more deadly.} 26. Nd5 Bxd4+ 27. Kg2 Bc6 (27... Bxb2 $2 28. Nxe7+ Kh7 29. Rxd6 $18)) 26. Nd5 $2 {[%emt 0:03:03][%mdl 8192] [#]} (26. Bxe6 $17 Rexe6 27. Qb5 Bxd4+ (27... Rxd4 28. Qxb6 Rxb6 29. Re2 $19) 28. Kh1) 26... Rxd5 $1 27. Bxd5 g6 28. Qxh6 Bxd5 29. Rfd1 Qe6 {[%emt 0:01:34] Weighted Error Value: White=0.92/Black=0.24 (precise) .  Loses game:     	White=2     	---        Missed win:     	---       	Black=1      Mistake:       	White=3     	Black=2      Inaccurate:     	White=1     	---        OK:         	White=8     	Black=4      Best:        	White=1     	Black=1      Strong:       	---       	Black=2      Brilliant:      	---       	Black=1} 0-1

[Event "26th Tamil Nadu IM-Norm Chennai 2024"]
[Site "Chennai"]
[Date "2024.09.04"]
[Round "8.3"]
[White "Borgaonkar Akshay"]
[Black "Vahidov, Tair"]
[Result "1/2-1/2"]
[ECO "C42"]
[WhiteElo "2412"]
[BlackElo "2345"]
[Annotator "TA"]
[PlyCount "54"]
[EventDate "2024.08.30"]
[EventCountry "IND"]
[SourceTitle "playchess.com"]
[Source "ChessBase"]
[SourceQuality "1"]
[TimeControl "5400+30"]

1. e4 e5 2. Nf3 Nf6 3. Nxe5 d6 4. Nf3 Nxe4 5. d4 d5 6. Bd3 Bd6 7. O-O O-O 8. c4 c6 9. Nc3 Nxc3 10. bxc3 Bg4 11. h3 Bh5 12. c5 Bc7 13. Bf5 Nd7 14. Qd3 {[%emt 0:11:35] The position is equal.} Bg6 15. Bg5 Bxf5 16. Qxf5 f6 17. Be3 Re8 18. Rac1 Nf8 19. c4 Rb8 20. Nd2 dxc4 21. Nxc4 Ng6 22. Rfe1 Kh8 23. a4 Ne7 24. Qg4 Ng6 {[%emt 0:00:09] Prevents Bf4.} 25. Qf5 Ne7 26. Qg4 Ng6 {[%emt 0:00:03] Wards off Bf4} 27. Qf5 Ne7 {[%emt 0:00:01] Weighted Error Value: White=0.09 (flawless) /Black=0.04 (flawless) .  Inaccurate:     	White=2     	Black=2      OK:         	White=3     	Black=7      Best:        	---       	Black=1} 1/2-1/2

[Event "26th Tamil Nadu IM-Norm Chennai 2024"]
[Site "Chennai"]
[Date "2024.09.04"]
[Round "8.4"]
[White "Pawar, Harshit"]
[Black "Annageldyev, Orazly"]
[Result "1-0"]
[ECO "D35"]
[WhiteElo "2284"]
[BlackElo "2271"]
[Annotator "TA"]
[PlyCount "75"]
[EventDate "2024.08.30"]
[EventCountry "IND"]
[SourceTitle "playchess.com"]
[Source "ChessBase"]
[SourceQuality "1"]
[TimeControl "5400+30"]

1. d4 Nf6 2. c4 e6 3. Nc3 d5 4. cxd5 exd5 5. Bg5 Be7 6. Qc2 Nbd7 7. e3 O-O 8. Bd3 h6 9. Bh4 b6 10. Nge2 Bb7 11. f3 c5 12. O-O-O {[%emt 0:04:06] The position is equal.} Ne8 13. Bf2 cxd4 (13... c4 $1 $15 14. Bh7+ Kh8) 14. exd4 Nd6 15. b3 (15. Kb1 $11 {feels stronger.}) 15... Rc8 {[%emt 0:03:29][%cal Ob6b5] Threatens to win with ...b5!} 16. Kb1 {[%emt 0:01:08] [#]} b5 $1 {[%emt 0:01:47] Strongly threatening ...b4.} 17. Qd2 $1 b4 18. Na4 {[%emt 0:01:10] [#]} (18. Nb5 $1 $11) 18... Nc4 19. bxc4 $11 dxc4 20. Bf5 {[%emt 0:05:42][%cal Oa4c5] Nc5! would now be deadly.} Bc6 $1 21. Nc5 {[%emt 0:01:24] And now Qc2 would win.} c3 $2 (21... Qa5 $1 $11 {and Black is okay.}) 22. Qc2 $18 Rb8 (22... Bb5 $16) 23. Bxd7 (23. d5 $1 $18 {[%cal Rd5c6] is more deadly.} Bb5 24. Nxd7 Bxd7 25. Nd4) 23... Bxd7 $16 {[%emt 0:00:30] [#]} 24. Nxd7 ({Better is} 24. Rhe1 $1 $16) 24... Qxd7 $14 25. Nc1 a5 26. Nb3 a4 27. Nc5 Bxc5 (27... Qa7 $16 {was called for.}) 28. dxc5 $18 Qb5 29. Qd3 {[%emt 0:00:40] aiming for Qxb5.} Qa5 {[%emt 0:00:45] [#]} (29... Qc6 {keeps fighting.}) 30. Bd4 $1 Rfd8 31. Qc4 Rxd4 (31... Qc7 32. Rhe1 Qxh2) 32. Rxd4 {[%emt 0:00:11] White is clearly winning.} ({Not} 32. Qxd4 b3 33. Rd3 c2+ 34. Kc1 bxa2 35. Kxc2 Qb5 $11) 32... b3 33. a3 (33. Qxa4 c2+ 34. Kc1 Qc3 35. axb3 Rxb3 36. Rd8+ Kh7 37. Qe4+ g6 38. Qxc2 Qa1+ 39. Kd2 Qa5+ 40. Ke2 Qb5+ 41. Kf2 Rb2 $18) 33... c2+ 34. Kb2 Qc7 35. Qc3 Re8 36. Rxa4 Rd8 37. Kxb3 Qc6 38. Qxc2 {[%emt 0:00:43] Weighted Error Value: White=0.19 (very precise) /Black=0.40.  Loses game:     	---       	Black=1      Mistake:       	White=4     	Black=6      Inaccurate:     	White=2     	Black=3      OK:         	White=5     	Black=4      Best:        	White=3     	---        Strong:       	White=2     	Black=1} 1-0

[Event "26th Tamil Nadu IM-Norm Chennai 2024"]
[Site "Chennai"]
[Date "2024.09.04"]
[Round "8.5"]
[White "Rohit S"]
[Black "Gochelashvili, David"]
[Result "1-0"]
[ECO "B72"]
[WhiteElo "2311"]
[BlackElo "2230"]
[Annotator "TA"]
[PlyCount "83"]
[EventDate "2024.08.30"]
[EventCountry "IND"]
[SourceTitle "playchess.com"]
[Source "ChessBase"]
[SourceQuality "1"]
[TimeControl "5400+30"]

1. e4 c5 2. Nf3 d6 3. d4 cxd4 4. Nxd4 Nf6 5. Nc3 g6 6. Be3 Nc6 7. f3 {[%emt 0:00:11] Inhibits Ng4.} h5 8. Bc4 Bd7 {[%emt 0:00:13] White is slightly better.} 9. Bb3 Bg7 10. Qd3 Ne5 {[%emt 0:00:52] Prevents h3.} 11. Qe2 Rc8 12. O-O a6 13. h3 (13. f4 $16 Neg4 14. h3 Nxe3 15. Qxe3) 13... Qc7 $11 14. f4 Nc4 {[%emt 0:00:28] [#]} 15. e5 $1 dxe5 16. fxe5 Qxe5 (16... Nxe5 $2 17. Bf4 Nfg4 18. Bxf7+ (18. hxg4 Qc5 $18) 18... Nxf7 19. Bxc7 $18) 17. Bxc4 Rxc4 18. Qxc4 Qxe3+ 19. Kh1 {[%emt 0:00:08] Rae1 is the strong threat.} b5 (19... Bxh3 $6 20. Rf3 Bxg2+ 21. Kxg2 Qd2+ (21... Qg5+ $2 22. Rg3 $18) 22. Nde2 $18) 20. Qc7 {[%emt 0:09:51] Qb8+ would kill now.} O-O $1 21. Rad1 {[%emt 0:05:20][%cal Of1f6] Threatens to win with Rxf6!} Rc8 22. Qb7 Rc4 (22... Bxh3 $2 23. Rd3 Bxg2+ 24. Qxg2 $18) 23. Rd3 Qe5 24. Nf3 {[%emt 0:03:23] White is more active.} Qc7 25. Qxa6 b4 26. Nd5 Nxd5 27. Qa8+ Bf8 28. Qxd5 (28. Rxd5 $2 Bc6 (28... Rxc2 29. Ne5 $11) 29. Qd8 Bxd5 30. Qxd5 e6 $19 (30... Rxc2 31. Ng5 $17)) 28... Be6 29. Qa8 {[%emt 0:04:56] Hoping for Qe8.} Rxc2 30. Ng5 (30. Rd8 $16 Bc8 31. Rfd1) 30... Bc4 31. Rd8 $40 {[%emt 0:00:18][%mdl 128] White attacks. The board is on fire.} Qxd8 32. Qxd8 {[%emt 0:00:07][%cal Od8e8] Threatening mate with Qe8!} Bxf1 33. Qd1 Rf2 34. Qd4 $1 Bxg2+ (34... Rc2 $1 $11 {keeps the balance.} 35. Qd1 Rf2 (35... Bxg2+ 36. Kg1 $11) (35... Rxg2 36. Ne4 $14)) 35. Kg1 $16 Rc2 {[%emt 0:03:16] [#]} (35... Rf5 $16 36. Ne6 b3 (36... Bxh3 $2 37. Nxf8 Rf1+ 38. Kh2 $18)) 36. Qd1 $2 (36. Qd3 $1 $18 Rc5 (36... Rxb2 $2 37. Qc4 $18) 37. Qe3 (37. Nxf7 Kxf7 38. Kxg2 Kg7 $16) 37... Rxg5 (37... Rc2 $2 38. Qb3 $18) 38. Qxg5 Bxh3 39. a4 bxa3 40. bxa3) 36... b3 (36... Rxb2 $2 {perishes.} 37. Qc1 $18) 37. axb3 Rxb2 {[%emt 0:00:01] [#]} (37... Rc5 $1 $14 38. Nxf7 Bb7) 38. Qc1 $1 $18 Bg7 (38... Rxb3 39. Kxg2 Rb6) 39. Qc8+ Bf8 40. Qc4 {[%emt 0:00:28] Repels Bd5} e6 {[%emt 0:00:53] ...Bd5 would now be deadly.} 41. Qc7 Kg7 42. Qc3+ {[%emt 0:00:31] Weighted Error Value: White=0.27 (precise) /Black=0.46.  Loses game:     	---       	Black=1      Missed win:     	White=1     	---        Mistake:       	White=2     	Black=3      Inaccurate:     	White=1     	Black=7      OK:         	White=15    	Black=11     Best:        	White=2     	Black=3      Strong:       	White=2     	Black=1} (42. Qxf7+ $142 Kh6 43. Nxe6 (43. Qxf8+ Kxg5 44. Qc5+ Bd5 $18) 43... Bc5+ 44. Nxc5 Bxh3 45. Qf8+ Kg5 46. Ne4+ (46. Qd8+ Kg4 $18) 46... Kg4 47. Nf2+ Kg5 48. Nxh3+ Kg4 49. Nf2+ Kg5 50. Qd8+ Kf5 51. Qd5+ Kf6 52. Ne4+ Ke7 53. Qe5+ Kd7 54. Qxb2) 1-0